 Dungeon Crawl Stone Soup version 0.30.0-10-gfe55d96785 (webtiles) character file.

Game seed: 46082787328652293

7899 Persephone the Severer (level 11, -20/88 HPs)
             Began as a Minotaur Fighter on May 15, 2023.
             Was a Believer of the Shining One.
             Demolished by a two-headed ogre
             ... wielding a +0 giant spiked club
              (28 damage)
             ... on level 10 of the Dungeon.
             The game lasted 00:17:15 (8261 turns).

Persephone the Severer (Minotaur Fighter)           Turns: 8261, Time: 00:17:16

Health: -20/88     AC: 14    Str: 25    XL:     11   Next: 2%
Magic:  11/11      EV:  8    Int:  4    God:    the Shining One [**....]
Gold:   556        SH:  5    Dex: 13    Spells: 10/10 levels left

rFire   + . .        H - +5 executioner's axe (heavy)
rCold   . . .        (shield currently unavailable)
rNeg    + . .        v - +0 chain mail
rPois   +            (helmet restricted)
rElec   .            o - +0 cloak
rCorr   .            i - +0 pair of gloves
SInv    .            (no boots)
Will    .....        B - amulet of reflection Stlth
                     n - ring of protection from fire
HPRegen 0.34/turn    p - ring of poison resistance
MPRegen 0.12/turn

%: reflection
@: glowing
A: horns 2, retaliatory headbutt, iridescent scales 1, agile 1, low MP 1
a: Renounce Religion, Divine Shield


You were on level 10 of the Dungeon.
You worshipped the Shining One.
The Shining One was pleased with you.
You visited 1 branch of the dungeon, and saw 10 of its levels.
You also visited: Bailey.

You collected 556 gold pieces.

Inventory:

Hand Weapons
 a - a +0 war axe
 d - a +7 battleaxe
 m - the +1 broad axe "Silayj" {venom, Contam Dex+3 SInv}
   (You acquired it on level 7 of the Dungeon)

   Dex:       It affects your dexterity (+3).
   SInv:      It lets you see invisible.
   Contam:    It causes magical contamination when unequipped.
 H - a +5 heavy executioner's axe (weapon)
Missiles
 t - 18 boomerangs (quivered)
Armour
 b - a +0 scale mail
 c - a +0 buckler
 i - a +0 pair of gloves (worn)
 o - a +0 cloak (worn)
 v - a +0 chain mail (worn)
Jewellery
 n - a ring of protection from fire (left hand)
 p - a ring of poison resistance (right hand)
 s - an amulet of the acrobat
 B - an amulet of reflection (around neck)
 G - an amulet of guardian spirit
Wands
 D - a wand of flame (21)
 K - a wand of iceblast (1)
Scrolls
 g - a scroll of identify
 h - 2 scrolls of teleportation
 j - a scroll of immolation
 k - a scroll of vulnerability
 r - 2 scrolls of enchant weapon {unknown}
 u - 2 scrolls of brand weapon {unknown}
 x - a scroll of poison {unknown}
 y - a scroll of torment {unknown}
 C - 2 scrolls of fog {unknown}
 E - 2 scrolls of blinking {unknown}
 F - 2 scrolls of magic mapping
Potions
 e - 2 potions of haste
 f - 3 potions of magic
 l - a potion of degeneration
 q - a potion of cancellation {unknown}
 w - 2 potions of brilliance
 z - 3 potions of mutation
 A - a potion of ambrosia
 I - a potion of flight {unknown}
 J - 2 potions of lignification {unknown}


   Skills:
 + Level 5.6 Fighting
 - Level 18.0 Axes
 + Level 3.3 Throwing
 + Level 5.6 Armour
 - Level 3.6 Shields
 + Level 3.3 Invocations


You had 10 spell levels left.
You didn't know any spells.
Your spell library contained the following spells:

 Spells                   Type           Power      Damage    Failure   Level
 Sandblast                Erth           0%         2d4       95%         1
 Passwall                 Tmut/Erth      0%         N/A       99%         2
 Stone Arrow              Conj/Erth      0%         3d7       100%        3


Dungeon Overview and Level Annotations

Branches:
Dungeon (11/15)            Temple (0/1) D:7            Lair (0/5) D:10
 Bailey (visited)
    Orc: D:9-12

Altars:
Ashenzari
Cheibriados
Dithmenos
Fedhas
Gozag
Kikubaaqudgha
Okawaru
Ru
Sif Muna
Vehumet
Wu Jian
Yredelemnul
The Shining One


Innate Abilities, Weirdness & Mutations

You have a pair of horns on your head.
You reflexively headbutt those who attack you in melee.
You are partially covered in iridescent scales. (AC +2)
You are agile. (Dex +4, Str/Int -1)
Your magical capacity is low. (-10% MP)


Message History

Okay, then.
Really quaff the potion of mutation?
You feel extremely strange.
You feel a little more calm.
Iridescent scales grow over part of your body.
You feel less energetic.
You feel agile.
Okay, then.
Unknown command.
There is an open door here.
Key pressed, stopping explore.
You open the door.
There is an open door here.
You open the door.
Found a ring mail.
There is an open door here.
You see here a +0 ring mail.
You open the door.
A two-headed ogre comes into view.
It is wielding two +0 giant spiked clubs.
The two-headed ogre shouts in stereo!
There is an open door here.
A two-headed ogre is nearby!
A two-headed ogre is nearby!
The two-headed ogre hits you but does no damage.
The two-headed ogre hits you with a +0 giant spiked club!!
You are too injured to fight recklessly!
You are too injured to fight recklessly!
You slash the two-headed ogre!
The two-headed ogre is moderately wounded.
The two-headed ogre hits you with a +0 giant spiked club!
The two-headed ogre hits you but does no damage.
You hit the two-headed ogre. You headbutt the two-headed ogre!
The two-headed ogre is heavily wounded.
The two-headed ogre hits you with a +0 giant spiked club!!
* * * LOW HITPOINT WARNING * * *
The two-headed ogre hits you with a +0 giant spiked club!
* * * LOW HITPOINT WARNING * * *
You slice the two-headed ogre!!
The two-headed ogre is almost dead.
The two-headed ogre hits you with a +0 giant spiked club!!
You die...

######## #.......
######### ###.......
#.......#####.'.......
#..?O@..'..[..#.......
+.......#######.......
#.......# #.......
##+###### #######' ##.
#.# ###.. ####### #.#
#...# ......# #.#
#.### ......# #.#
#####.###


You could see a two-headed ogre.

Vanquished Creatures
  An orc warlord (Bailey)
  Pikel (D:7)
  2 orc knights (Bailey)
  A troll (D:10)
  A wraith (D:7)
  A vampire (D:10)
  11 yaks (D:10)
  A wyvern (D:10)
  A basilisk (D:10)
  A steam dragon (D:7)
  An acid dragon (D:10)
  3 water moccasins (D:10)
  Duvessa (D:6)
  3 orc warriors
  A sky beast (D:7)
  A black bear (D:7)
  An ogre (D:5)
  3 centaurs
  2 lemures (D:7)
  A gnoll sergeant (D:10)
  2 scorpions
  8 wights
  Dowan (D:6)
  6 killer bees (D:10)
  A howler monkey (D:10)
  5 orc priests
  A jelly (D:5)
  3 hounds
  8 iguanas
  5 orc wizards
  13 adders
  7 gnolls
  A white imp (D:6)
  An ufetubus (D:5)
  A worm (D:3)
  4 dart slugs
  34 orcs
  2 bats
  6 endoplasms
  2 giant cockroaches
  14 goblins
  15 hobgoblins
  2 jackals (D:4)
  3 quokkas
  7 ball pythons
  A frilled lizard (D:3)
  17 kobolds
  4 rats
212 creatures vanquished.

Vanquished Creatures (others)
  A gnoll (D:10)
1 creature vanquished.

Grand Total: 213 creatures vanquished

Notes
Turn   | Place    | Note
-------+----------+-------------------------------------------
     0 | D:1      | Persephone the Minotaur Fighter began the quest for the
                  | Orb.
     0 | D:1      | Reached XP level 1. HP: 19/19 MP: 0/0
   201 | D:1      | Reached skill level 3 in Axes
   279 | D:1      | Reached XP level 2. HP: 17/26 MP: 1/1
   429 | D:1      | Found a faded altar of an unknown god.
   507 | D:1      | Reached skill level 4 in Axes
   826 | D:2      | Reached XP level 3. HP: 29/31 MP: 2/2
  1194 | D:2      | Reached skill level 5 in Axes
  1253 | D:3      | Reached XP level 4. HP: 39/39 MP: 3/3
  1626 | D:3      | Reached skill level 6 in Axes
  1641 | D:3      | Reached XP level 5. HP: 29/45 MP: 4/4
  2321 | D:4      | HP: 1/45 [orc/+0 hand axe (5)]
  2326 | D:4      | Reached skill level 7 in Axes
  2626 | D:4      | Reached XP level 6. HP: 47/51 MP: 5/5
  2820 | D:4      | Reached skill level 8 in Axes
  3520 | D:5      | Entered Level 5 of the Dungeon
  3652 | D:5      | Found a radiant altar of Vehumet.
  3653 | D:5      | Found an ornate altar of the Wu Jian Council.
  3653 | D:5      | Found a snail-covered altar of Cheibriados.
  3653 | D:5      | Found a blossoming altar of Fedhas.
  3654 | D:5      | Found a basalt altar of Yredelemnul.
  3654 | D:5      | Found a broken altar of Ashenzari.
  3655 | D:5      | Found a shimmering blue altar of Sif Muna.
  3655 | D:5      | Found an ancient bone altar of Kikubaaqudgha.
  3655 | D:5      | Found an iron altar of Okawaru.
  3912 | D:5      | Found a shadowy altar of Dithmenos.
  3912 | D:5      | Found a glowing golden altar of the Shining One.
  3912 | D:5      | Found a sacrificial altar of Ru.
  3966 | D:5      | Became a worshipper of the Shining One
  4075 | D:5      | Reached skill level 9 in Axes
  4119 | D:5      | Reached XP level 7. HP: 57/57 MP: 6/6
  4831 | D:6      | Reached skill level 10 in Axes
  5017 | D:6      | Noticed Dowan
  5018 | D:6      | Noticed Duvessa
  5027 | D:6      | Killed Duvessa
  5028 | D:6      | Killed Dowan
  5145 | D:6      | Reached skill level 11 in Axes
  5168 | D:6      | Reached XP level 8. HP: 38/64 MP: 7/7
  5308 | D:6      | Reached * piety under the Shining One
  5632 | D:7      | Reached skill level 12 in Axes
  5830 | D:7      | Reached skill level 13 in Axes
  5832 | D:7      | Noticed Pikel
  5845 | D:7      | Killed Pikel
  5846 | D:7      | Reached skill level 14 in Axes
  5846 | D:7      | Reached XP level 9. HP: 29/70 MP: 8/8
  6025 | D:7      | Identified a scroll of acquirement
  6025 | D:7      | Acquired the +1 broad axe "Silayj" {venom, Contam Dex+3
                  | SInv}
  6296 | D:7      | Reached skill level 15 in Axes
  6320 | D:7      | Found an opulent altar of Gozag.
  6407 | D:7      | Found a staircase to the Ecumenical Temple.
  6512 | D:8      | You fall into a shaft and drop 3 floors!
  6766 | D:10     | Entered Level 10 of the Dungeon
  6784 | D:10     | Found a flagged portal.
  6802 | Bailey   | Entered a bailey
  6807 | Bailey   | Noticed an orc warlord
  6860 | Bailey   | Noticed an orc knight
  6860 | Bailey   | Noticed an orc knight
  6876 | Bailey   | Found a runed translucent gate.
  6876 | Bailey   | Found a runed translucent gate.
  6876 | Bailey   | Found a runed translucent gate.
  7102 | Bailey   | Killed an orc warlord
  7103 | Bailey   | Reached skill level 16 in Axes
  7188 | Bailey   | Killed an orc knight
  7189 | Bailey   | Reached XP level 10. HP: 32/77 MP: 9/9
  7327 | Bailey   | Killed an orc knight
  7328 | Bailey   | Reached skill level 17 in Axes
  7428 | Bailey   | Acquired a +5 heavy executioner's axe
  7440 | Bailey   | Identified the +2 morningstar of Baogequn {spect, Str+4}
  7449 | Bailey   | Gained mutation: You sometimes lose your temper in combat.
                  | [mutagenic glow]
  7634 | D:10     | Reached skill level 18 in Axes
  7652 | D:10     | Reached ** piety under the Shining One
  7665 | D:10     | Reached skill level 1 in Throwing
  7665 | D:10     | Reached skill level 1 in Invocations
  7881 | D:10     | Reached skill level 5 in Fighting
  7881 | D:10     | Reached skill level 5 in Armour
  7886 | D:10     | Reached XP level 11. HP: 17/88 MP: 8/12
  8095 | D:10     | Found a staircase to the Lair.
  8212 | D:10     | Lost mutation: You sometimes lose your temper in combat.
                  | [potion of mutation]
  8212 | D:10     | Gained mutation: You are partially covered in iridescent
                  | scales. (AC +2) [potion of mutation]
  8212 | D:10     | Gained mutation: Your magical capacity is low. (-10% MP)
                  | [potion of mutation]
  8212 | D:10     | Gained mutation: You are agile. (Dex +4, Str/Int -1)
                  | [potion of mutation]
  8255 | D:10     | Noticed a two-headed ogre
  8261 | D:10     | Demolished by a two-headed ogre

Illustrated notes

Levels and vault maps discovered:
D:1:      scummos_arrival_gate, layout_basic,
          shapermc_ecumenical_altar_mp_highgroup
D:2:      layout_rooms
D:3:      layout_basic
D:4:      cheibrodos_pilgrimage, layout_layer_cave, st_stairs_11
D:5:      kennysheep_spiral_hall, layout_basic, nicolae_overflows_in_rows,
          nicolae_half_adder
D:6:      layout_cave_pools, uniq_duvessa
D:7:      layout_rooms, mainiacjoe_overflow_concentric_impassable,
          minmay_temple_entry_glassed_door, kennysheep_generic_room_7,
          uniq_pikel
D:8:      layout_cave_pools, uniq_erica
D:10:     layout_roguey, minmay_lair_entry_grove, enter_bailey_4, serial_glass,
          glass_columns_b, glass_columns_c
D:11:     layout_basic

Skill      XL: |  1  2  3  4  5  6  7  8  9 10 |
---------------+-------------------------------+-----
Axes           | 3 4 5 6 7 9 11 14 16 18 | 18.0
Fighting       | 5 |  5.6
Throwing       | 3 |  3.3
Armour         | 5 |  5.6
Invocations    | 3 |  3.3
Shields        | |  3.6

Action                     |  1- 3 |  4- 6 |  7- 9 | 10-12 || total
---------------------------+-------+-------+-------+-------++-------
  Melee: War axe           |    71 |   180 |   120 |       ||   371
         Headbutt          |     6 |    16 |    35 |     8 ||    65
         Broad axe         |       |       |    57 |     7 ||    64
         Executioner's axe |       |       |       |    55 ||    55
  Throw: Boomerang         |       |       |     3 |    11 ||    14
 Invoke: Divine Shield     |       |       |       |     2 ||     2
    Use: Potion            |       |     5 |     3 |     1 ||     9
         Scroll            |       |       |    11 |     1 ||    12
 Armour: Scale mail        |    39 |    93 |       |       ||   132
         Chain mail        |       |     3 |    82 |    32 ||   117
  Dodge: Dodged            |    35 |    79 |    46 |    35 ||   195
  Block: Buckler           |    12 |    34 |    36 |     2 ||    84
         Reflection        |       |       |     6 |       ||     6
         Other             |       |       |       |    35 ||    35
